 Dungeon Crawl Stone Soup version 0.28-a0-1312-g71652a0310 (webtiles) character file.

Game seed: 13880674403899696306

1441 r3xj the Grasshopper (level 8, -3/64 HPs)
             Began as a Gnoll Warper on Dec 28, 2021.
             Was an Initiate of Gozag.
             Slain by a sky beast (6 damage)
             ... on level 5 of the Dungeon.
             The game lasted 00:18:21 (5703 turns).

r3xj the Grasshopper (Gnoll Warper)                 Turns: 5703, Time: 00:18:36

Health: -3/64      AC:  3    Str: 12    XL:     8   Next: 74%
Magic:  26/26      EV: 13    Int: 14    God:    Gozag
Gold:   273        SH:  0    Dex: 11    Spells: 17/19 levels left

rFire   + + +      SeeInvis .   p - +9 trident of Bacaivytti {elec, *Noise rF++ rC++}
rCold   + + .      Faith    .   (no shield)
rNeg    . . .      Spirit   .   b - +0 leather armour
rPois   .          Reflect  .   (no helmet)
rElec   .          Harm     .   (no cloak)
rCorr   .          Rampage  .   (no gloves)
Will    .....                   (no boots)
Stlth   ++........              (no amulet)
HPRegen 0.20/turn               l - ring of magical power
MPRegen 0.20/turn               m - ring of protection from fire

@: gold aura
A: fangs 1, strong nose, distributed training
a: Renounce Religion, Potion Petition, Call Merchant, Bribe Branch


You were on level 5 of the Dungeon.
You worshipped Gozag.
Gozag was aware of your devotion.
You visited 2 branches of the dungeon, and saw 7 of its levels.
You also visited: Sewer.

You collected 370 gold pieces.
You paid 97 gold pieces to Gozag.

Inventory:

Hand Weapons
 a - a +0 spear
 p - the +9 trident of Bacaivytti (weapon) {elec, *Noise rF++ rC++}
   (You found it on level 2 of the Dungeon)

   It occasionally discharges a powerful burst of electricity upon striking a
   foe.
   rF:        It greatly protects you from fire.
   rC:        It greatly protects you from cold.
   *Noise:    It may make noises in combat.
 v - the +6 whip of Guilt {vorpal, rElec Int+4}
   (You found it on level 4 of the Dungeon)

   It inflicts extra damage upon your enemies.
   Int:       It affects your intelligence (+4).
   rElec:     It insulates you from electricity.
 z - a +0 hunting sling
Missiles
 q - 5 boomerangs (quivered)
 A - 33 sling bullets
 J - 8 poisoned darts
Armour
 b - a +0 leather armour (worn)
 y - a +0 plate armour
 D - a +1 helmet
Magical Staves
 t - a staff of poison
Jewellery
 l - a ring of magical power (left hand)
 m - a ring of protection from fire (right hand)
 B - a ring of magical power
 E - the ring "Mixamutu" {rF+ rCorr Int+4}
   (You found it on level 5 of the Dungeon)

   [ring of resist corrosion]

   Int:       It affects your intelligence (+4).
   rF:        It protects you from fire.
   rCorr:     It protects you from acid and corrosion.
Wands
 d - a wand of polymorph (4)
Scrolls
 c - 2 scrolls of blinking
 e - a scroll of teleportation {unknown}
 f - 4 scrolls of identify {unknown}
 g - a scroll of torment {unknown}
 h - 3 scrolls of immolation {unknown}
 i - 2 scrolls of amnesia {unknown}
 j - a scroll of enchant armour {unknown}
 r - 2 scrolls of acquirement {unknown}
 s - a scroll of silence {unknown}
 x - a scroll of noise {unknown}
 C - a scroll of fog {unknown}
 G - a scroll of summoning {unknown}
Potions
 k - 2 potions of flight {unknown}
 n - a potion of haste {unknown}
 o - a potion of cancellation {unknown}
 u - 3 potions of curing {unknown}
 w - a potion of ambrosia {unknown}
 F - a potion of invisibility {unknown}
 H - a potion of resistance {unknown}
Miscellaneous
 I - a box of beasts


   Skills:
 + Level 5.8 Fighting
 + Level 3.5 Short Blades
 + Level 3.5 Long Blades
 + Level 3.5 Axes
 + Level 3.5 Maces & Flails
 + Level 5.8 Polearms
 + Level 3.5 Staves
 + Level 3.5 Slings
 + Level 3.5 Bows
 + Level 3.5 Crossbows
 + Level 4.4 Throwing
 + Level 4.4 Armour
 + Level 5.8 Dodging
 + Level 3.5 Stealth
 + Level 3.5 Shields
 + Level 3.5 Unarmed Combat
 + Level 6.2 Spellcasting
 + Level 2.9 Conjurations
 + Level 2.9 Hexes
 + Level 2.9 Summonings
 + Level 2.9 Necromancy
 + Level 6.2 Translocations
 + Level 2.9 Transmutations
 + Level 2.9 Fire Magic
 + Level 2.9 Ice Magic
 + Level 2.9 Air Magic
 + Level 2.9 Earth Magic
 + Level 2.9 Poison Magic
 + Level 3.9 Invocations
 + Level 3.5 Evocations


You had 17 spell levels left.
You knew the following spells:

 Your Spells              Type           Power      Damage    Failure   Level
a - Blink                 Tloc           42%        N/A       2%          2

Your spell library contained the following spells:

 Spells                   Type           Power      Damage    Failure   Level
 Gell's Gravitas          Tloc           21%        N/A       4%          3
 Lesser Beckoning         Tloc           21%        N/A       4%          3
 Teleport Other           Tloc           21%        N/A       4%          3
 Portal Projectile        Hex/Tloc       34%        N/A       9%          3
 Call Canine Familiar     Summ           12%        N/A       19%         3
 Manifold Assault         Tloc           21%        N/A       38%         5
 Leda's Liquefaction      Hex/Erth       6%         N/A       52%         4
 Blade Hands              Tmut           6%         N/A       86%         5
 Irradiate                Conj/Tmut      6%         3d16      86%         5
 Dragon Form              Tmut           6%         N/A       100%        7


Dungeon Overview and Level Annotations

Branches:
Dungeon (6/15)             Temple (1/1) D:5           Sewer (visited)

Altars:
Ashenzari
Dithmenos
Fedhas
Gozag
Kikubaaqudgha
Nemelex Xobeh
Qazlal
Ru
Trog
Uskayaw
Vehumet
Wu Jian
Xom
Yredelemnul
Zin
The Shining One


Innate Abilities, Weirdness & Mutations

You have very sharp teeth.
Your uncanny sense of smell can sniff out nearby items.
Your experience applies equally to all skills.


Message History

The sky beast hits you. The sky beast shocks you.
Unknown command.
You hit the ice beast.
The ice beast is severely wounded.
The ice beast hits you but does no damage.
The bullfrog skeleton barely misses you.
The ice beast misses you. The sky beast misses you.
Unknown command.
You closely miss the ice beast.
The ice beast is severely wounded.
The bullfrog skeleton hits you but does no damage.
The ice beast closely misses you. The ice beast misses you.
The sky beast hits you. The sky beast shocks you.
Unknown command.
You puncture the ice beast!
You kill the ice beast!
The bullfrog skeleton barely misses you.
The ice beast hits you. The ice beast freezes you. You resist.
The bullfrog skeleton closely misses you.
The sky beast flickers out of sight!
Deactivating autopickup; reactivate with Ctrl-A.
Something hits you. Something shocks you. The ice beast hits you.
The ice beast freezes you. You resist. The bullfrog skeleton hits you.
* * * LOW HITPOINT WARNING * * *
Something hits you.
* * * LOW HITPOINT WARNING * * *
Something shocks you.
* * * LOW HITPOINT WARNING * * *
You climb upwards.
Reactivating autopickup.
There is a stone staircase leading down, spattered with blood here.
Deactivating autopickup; reactivate with Ctrl-A.
You puncture something! You bite something.
The ice beast hits you but does no damage.
Something hits you.
* * * LOW HITPOINT WARNING * * *
Something shocks you.
You die...
Your body crumbles into a pile of gold.

###### ### #....# #..
#.##.####### #..
#.##.##....########..
#.##.................
#.##.##.##.########..
#######.##.##.##...........
#.......##.##.##########>..
#.##P.P.##@Y...............
#.###.#######.##########.##
#.P#...#.####.##########.#
#....>.[[................##
##P#..)#....#.#########....
####.##....#.# ####....
#P.P.....#.# #..'....
##.......#.# #.##....
###......#.# #.##....


You could see an ice beast.

Vanquished Creatures
  A wyvern (D:5)
  Pargi (Sewer)
  A sky beast (D:5)
  An ice beast (D:6)
  A black bear (D:5)
  2 ogres (D:5)
  A kobold brigand (Sewer)
  A bullfrog (D:6)
  A water moccasin zombie (D:5)
  2 jellies (D:5)
  2 bullfrog zombies (D:5)
  A hound (D:4)
  A centaur skeleton (D:6)
  2 orc wizards (D:5)
  Natasha (twice) (D:2)
  A killer bee zombie (D:6)
  A hound skeleton (D:4)
  A hound zombie (D:5)
  6 gnolls
  A river rat (D:5)
  6 adders
  3 worms
  A dart slug (D:2)
  9 orcs
  5 ball pythons
  6 endoplasms
  7 giant cockroaches
  9 goblins
  21 hobgoblins
  3 jackals (D:1)
  3 quokkas
  7 bats
  2 frilled lizards
  5 kobolds
  3 rats
120 creatures vanquished.

Vanquished Creatures (others)
  2 plants (D:5)
2 creatures vanquished.

Grand Total: 122 creatures vanquished

Notes
Turn   | Place    | Note
-------+----------+-------------------------------------------
     0 | D:1      | r3xj the Gnoll Warper began the quest for the Orb.
     0 | D:1      | Reached XP level 1. HP: 20/20 MP: 6/6
   366 | D:1      | Reached XP level 2. HP: 25/26 MP: 7/7
  1097 | D:1      | Reached XP level 3. HP: 31/31 MP: 9/9
  1102 | D:1      | Reached skill level 5 in Spellcasting
  1352 | D:2      | Found a faded altar of an unknown god.
  1428 | D:2      | Reached skill level 1 in Invocations
  1685 | D:2      | Found a sacrificial altar of Ru.
  1774 | D:2      | Identified the +9 trident of Bacaivytti {elec, *Noise rF++
                  | rC++}
  1845 | D:2      | Reached skill level 1 in Short Blades
  1845 | D:2      | Reached skill level 1 in Long Blades
  1845 | D:2      | Reached skill level 1 in Axes
  1845 | D:2      | Reached skill level 1 in Maces & Flails
  1845 | D:2      | Reached skill level 1 in Staves
  1845 | D:2      | Reached skill level 1 in Slings
  1845 | D:2      | Reached skill level 1 in Bows
  1845 | D:2      | Reached skill level 1 in Crossbows
  1845 | D:2      | Reached skill level 1 in Stealth
  1845 | D:2      | Reached skill level 1 in Shields
  1845 | D:2      | Reached skill level 1 in Unarmed Combat
  1845 | D:2      | Reached skill level 1 in Evocations
  1881 | D:2      | Reached XP level 4. HP: 37/38 MP: 11/11
  1915 | D:2      | Noticed Natasha
  1920 | D:2      | Killed Natasha
  2143 | D:2      | Noticed Natasha
  2149 | D:2      | Killed Natasha
  2150 | D:2      | Reached skill level 1 in Conjurations
  2150 | D:2      | Reached skill level 1 in Hexes
  2150 | D:2      | Reached skill level 1 in Summonings
  2150 | D:2      | Reached skill level 1 in Necromancy
  2150 | D:2      | Reached skill level 1 in Transmutations
  2150 | D:2      | Reached skill level 1 in Fire Magic
  2150 | D:2      | Reached skill level 1 in Ice Magic
  2150 | D:2      | Reached skill level 1 in Air Magic
  2150 | D:2      | Reached skill level 1 in Earth Magic
  2150 | D:2      | Reached skill level 1 in Poison Magic
  2314 | D:2      | Learned a level 2 spell: Blink
  2380 | D:3      | Reached XP level 5. HP: 43/43 MP: 12/12
  2652 | D:3      | You fall into a shaft and drop 1 floor!
  2726 | D:4      | Identified the +6 whip of Guilt {vorpal, rElec Int+4}
  3130 | D:4      | Reached XP level 6. HP: 50/50 MP: 13/13
  3205 | D:4      | Found a shimmering altar of Xom.
  3789 | D:5      | Entered Level 5 of the Dungeon
  3851 | D:5      | Reached skill level 5 in Fighting
  3851 | D:5      | Reached skill level 5 in Polearms
  3851 | D:5      | Reached skill level 5 in Dodging
  3894 | D:5      | Found a staircase to the Ecumenical Temple.
  3970 | D:5      | Noticed a black bear
  3973 | D:5      | Reached XP level 7. HP: 52/56 MP: 15/15
  4184 | D:5      | Noticed a wyvern
  4191 | D:5      | Killed a wyvern
  4249 | D:5      | Found a glowing drain.
  4255 | D:5      | Reached XP level 8. HP: 20/63 MP: 16/16
  4258 | D:5      | Identified the ring "Mixamutu" {rF+ rCorr Int+4}
  4272 | Sewer    | Entered a sewer
  4541 | Sewer    | Noticed Pargi
  4549 | Sewer    | Killed Pargi
  4838 | D:5      | Found a blossoming altar of Fedhas.
  5052 | Temple   | Entered the Ecumenical Temple
  5347 | Temple   | Became a worshipper of Gozag Ym Sagoz the Greedy
  5703 | D:5      | HP: 3/64 [something (3)]
  5703 | D:5      | Slain by a sky beast

Illustrated notes

Levels and vault maps discovered:
D:1:      dpeg_arrival_radiant, layout_loops_corners
D:2:      layout_basic, hellmonk_ecumenical_altar_pennies_from_heaven,
          basic_altar, uniq_natasha
D:3:      layout_rooms, hangedman_abyss_or_decor_stabs, uniq_crazy_yiuf_cottage
D:4:      corexii_shantytown, layout_basic,
          mainiacjoe_overflow_concentric_impassable, feat_on_display
D:5:      layout_basic, fedhas_altar_1, minmay_temple_entry_gardened_gates,
          portal_sewer_entry_e, chequers_avenue, kennysheep_generic_room_3
D:6:      layout_cave_pools
Temple:   zaba_magenta_temple

Skill      XL: |  1  2  3  4  5  6  7  8 |
---------------+-------------------------+-----
Spellcasting   | 5 6 |  6.2
Invocations    | 1 2 3 |  3.9
Short Blades   | 1 2 3 |  3.5
Long Blades    | 1 2 3 |  3.5
Axes           | 1 2 3 |  3.5
Maces & Flails | 1 2 3 |  3.5
Staves         | 1 2 3 |  3.5
Slings         | 1 2 3 |  3.5
Bows           | 1 2 3 |  3.5
Crossbows      | 1 2 3 |  3.5
Stealth        | 1 2 3 |  3.5
Shields        | 1 2 3 |  3.5
Unarmed Combat | 1 2 3 |  3.5
Evocations     | 1 2 3 |  3.5
Conjurations   | 1 2 |  2.9
Hexes          | 1 2 |  2.9
Summonings     | 1 2 |  2.9
Necromancy     | 1 2 |  2.9
Transmutations | 1 2 |  2.9
Fire Magic     | 1 2 |  2.9
Ice Magic      | 1 2 |  2.9
Air Magic      | 1 2 |  2.9
Earth Magic    | 1 2 |  2.9
Poison Magic   | 1 2 |  2.9
Throwing       | 3 4 |  4.4
Armour         | 3 4 |  4.4
Fighting       | 5 |  5.8
Polearms       | 5 |  5.8
Dodging        | 5 |  5.8
Translocations | 6 |  6.2

Action                   |  1- 3 |  4- 6 |  7- 9 || total
-------------------------+-------+-------+-------++-------
Melee: Spear             |   145 |       |       ||   145
       Bite              |    11 |     6 |     7 ||    24
       Trident           |     8 |   109 |    80 ||   197
Throw: Boomerang         |       |    21 |     2 ||    23
 Stab: Sleeping          |       |     5 |     4 ||     9
Armor: Leather armour    |    24 |    10 |    14 ||    48
Dodge: Dodged            |    96 |    34 |    53 ||   183

Table legend: (Time is in decaauts)
 A = Elapsed time spent in this place.
 B = Non-inter-level travel time spent in this place.
 C = Inter-level travel time spent in this place.
 D = Time resting spent in this place.
 E = Time spent auto-exploring this place.
 F = Levels seen in this place.
 G = Mean time per level.
                   A        B        C        D        E       F      G
               +--------+--------+--------+--------+--------+-----+--------+
         Total |   5702 |   5420 |    282 |    601 |   3716 |   8 |  712.8 |
       Dungeon |   4870 |   4638 |    232 |    202 |   3425 |   6 |  811.7 |
        Temple |    312 |    262 |     50 |    206 |     50 |   1 |  312.0 |
         Sewer |    519 |    519 |      0 |    193 |    241 |   1 |  519.0 |
               +--------+--------+--------+--------+--------+-----+--------+

Top non-repeatable levels by time:
     D:1: 1338 daAuts
     D:4: 1140 daAuts
     D:5: 1014 daAuts
     D:2: 998 daAuts
   Sewer: 519 daAuts
  Temple: 312 daAuts
     D:3: 302 daAuts
     D:6: 75 daAuts
